AoeStats
← DeltaOrion

Black Forest

509850635Analyzed
4v4 RM · 3d ago on Sep 28, 2026· 39m 1s· 8 players
Game mode
Random Map
Map size
Large (8 player)
Population
200
Speed
Normal
Resources
Standard
Victory
Conquest
Starting age
Dark Age
Ending age
Imperial Age
RankedLock teamsTeams togetherTeam positionsShared explorationLock speedFull tech treeHidden civsTurbo modeCheats
Victory
Defeat
🇨🇳 Mongols · China
1277
+17
🇨🇳 Magyars · China
1246
+18
🇭🇰 Khmer · Hong Kong SAR China
1241
+18
🇦🇺 Persians · Australia
1239
+18
🇫🇷 Italians · France
1307
-18
🇨🇿 Bohemians · Czechia
1291
-18
🇧🇷 Mongols · Brazil
1288
-18
🇪🇸 Spanish · Spain
1280
-17
仙逆许木
11:16 Feudal Age
11:58 Double-Bit Axe
14:58 Castle Age
13:27 Horse Collar
16:38 Bow Saw
17:56 Wheelbarrow
23:44 Hand Cart
23:32 Gold Mining
23:35 Stone Mining
27:38 Gold Shaft Mining
30:04 Imperial Age
28:21 Stone Shaft Mining
27:50 Fletching
28:01 Padded Archer Armor
28:46 Bodkin Arrow
29:15 Ballistics
30:08 Leather Archer Armor
29:53 Loom
29:58 Town Watch
30:38 Fortified Wall
30:33 Husbandry
30:43 Bloodlines
30:10 Onager
30:28 Elite Mangudai
31:52 Siege Onager
33:16 Conscription
33:04 Bracer
35:00 Chemistry
34:17 Caravan
35:06 Town Patrol
35:36 Siege Engineers
35:42 Masonry
37:10 Drill
勇敢牛牛
0:54 Loom
11:40 Feudal Age
16:36 Double-Bit Axe
16:48 Fletching
24:55 Castle Age
24:40 Padded Archer Armor
24:55 Crossbowman
25:37 Bodkin Arrow
35:47 Imperial Age
34:17 Ballistics
33:57 Town Watch
34:47 Wheelbarrow
35:49 Leather Archer Armor
35:57 Arbalester
37:07 Bracer
37:44 Hand Cart
39:08 Thumb Ring
40:11 Chemistry
mdzzxswl
1:00 Loom
12:25 Feudal Age
16:05 Castle Age
15:49 Double-Bit Axe
16:56 Wheelbarrow
17:01 Bow Saw
24:33 Horse Collar
30:16 Imperial Age
28:28 Hand Cart
27:58 Town Watch
30:06 Gold Mining
30:08 Stone Mining
32:25 Double Crossbow
32:46 Conscription
34:37 Gold Shaft Mining
34:37 Stone Shaft Mining
34:15 Bloodlines
34:06 Husbandry
33:27 Light Cavalry
33:50 Heavy Scorpion
35:11 Hoardings
34:49 Hussar
37:29 Heavy Plow
39:30 Chemistry
38:51 Ballistics
39:24 Crop Rotation
DeltaOrion
12:13 Feudal Age
16:21 Castle Age
14:16 Double-Bit Axe
14:30 Horse Collar
14:48 Fishing Lines
16:58 Bow Saw
18:19 Heavy Plow
21:43 Gillnets
25:27 Scale Barding Armor
25:33 Forging
25:23 Scale Mail Armor
26:43 Chain Barding Armor
26:49 Gold Mining
26:49 Stone Mining
27:21 Bloodlines
27:26 Husbandry
29:13 Wheelbarrow
28:51 Town Watch
30:37 Iron Casting
31:20 Hand Cart
31:17 Fletching
31:28 Padded Archer Armor
35:12 Imperial Age
33:38 Loom
33:54 Town Patrol
34:16 Bodkin Arrow
34:37 Leather Archer Armor
35:26 Kamandaran
36:17 Plate Barding Armor
35:15 Cavalier
37:40 Blast Furnace
38:40 Savar
maximefufer
0:26 Loom
16:39 Feudal Age
20:21 Castle Age
18:49 Fishing Lines
19:51 Double-Bit Axe
21:29 Bow Saw
22:45 Gillnets
26:13 Wheelbarrow
25:19 Horse Collar
25:38 Gold Mining
26:43 Heavy Plow
27:16 Stone Mining
27:39 Fletching
27:49 Padded Archer Armor
29:20 Stone Shaft Mining
29:06 Hand Cart
28:37 Town Watch
33:15 Imperial Age
31:20 Leather Archer Armor
31:08 Bodkin Arrow
32:47 Scale Mail Armor
32:58 Forging
33:04 Squires
32:50 Arson
33:48 Silk Road
34:40 Conscription
34:33 Pirotechnia
35:00 Hoardings
35:31 Chemistry
34:52 Ballistics
34:28 Murder Holes
36:18 Bracer
37:51 Ring Archer Armor
37:37 Chain Mail Armor
38:34 Iron Casting
hades
8:00 Loom
13:02 Feudal Age
13:28 Double-Bit Axe
14:29 Fishing Lines
17:33 Castle Age
18:47 Bow Saw
19:52 Fervor
22:18 Sanctity
22:24 Gillnets
24:18 Wheelbarrow
26:47 Gold Mining
26:48 Stone Mining
30:11 Imperial Age
27:53 Masonry
28:55 Scale Barding Armor
29:01 Forging
28:35 Horse Collar
30:02 Stone Shaft Mining
29:40 Redemption
29:36 Inquisition
30:12 Hand Cart
29:45 Town Watch
30:35 Ballistics
31:28 Conscription
32:16 Chemistry
32:38 Two-Man Saw
32:50 Illumination
32:40 Block Printing
33:03 Hoardings
33:02 Bloodlines
32:52 Husbandry
33:45 Iron Casting
33:30 Chain Barding Armor
33:50 Town Patrol
33:52 Scale Mail Armor
34:46 Elite Conquistador
39:16 Blast Furnace
38:51 Plate Barding Armor
38:31 Chain Mail Armor
38:07 Fletching
38:17 Padded Archer Armor
deslin_
0:27 Loom
11:25 Feudal Age
18:35 Castle Age
18:52 Scale Barding Armor
23:19 Bloodlines
31:58 Fletching
32:38 Bodkin Arrow
33:28 Husbandry
34:48 Padded Archer Armor
35:15 Thumb Ring
36:46 Ballistics
37:19 Leather Archer Armor
dulinek
10:11 Feudal Age
10:37 Loom
11:41 Double-Bit Axe
19:07 Castle Age
17:22 Fishing Lines
24:08 Bow Saw
27:26 Fervor
28:52 Town Watch
29:45 Wheelbarrow
28:56 Horse Collar
30:50 Pikeman
32:33 Forging
32:26 Scale Mail Armor
35:24 Imperial Age
33:43 Heavy Plow
34:06 Ballistics
35:27 Chemistry
38:15 Iron Casting
37:56 Chain Mail Armor
Connection lost

Rejoining the realm…

Still unreachable

The connection could not be restored.

Session expired

The server has moved on; the page needs a fresh start.